 Dungeon Crawl Stone Soup version 0.28-a0-595-g9f6c0e134a (webtiles) character file.

Game seed: 10885062981936569787

81 pokeman the Magician (level 4, 0/25 HPs)
             Began as a Deep Elf Hedge Wizard on Oct 4, 2021.
             Slain by an orc warrior (15 damage)
             ... on level 4 of the Dungeon.
             The game lasted 00:05:18 (3080 turns).

pokeman the Magician (Deep Elf Hedge Wizard)        Turns: 3080, Time: 00:05:18

Health: 0/25       AC:  4    Str:  7    XL:     4   Next: 20%
Magic:  13/13      EV: 12    Int: 20    God:
Gold:   150        SH:  0    Dex: 14    Spells: 2/14 levels left

rFire   . . .      SeeInvis .   a - +1 trident (flame)
rCold   . . .      Faith    .   (no shield)
rNeg    . . .      Spirit   .   p - +0 leather armour
rPois   .          Reflect  .   c - +0 hat
rElec   .          Harm     .   f - +0 cloak
rCorr   .          Rampage  .   (no gloves)
Will    .....                   (no boots)
Stlth   ++........              (no amulet)
HPRegen 0.08/turn               (no ring)
MPRegen 0.13/turn               (no ring)

@: no status effects
A: no striking features
a: no special abilities


You were on level 4 of the Dungeon.
You visited 1 branch of the dungeon, and saw 4 of its levels.

You collected 150 gold pieces.

Inventory:

Hand Weapons
 a - a +1 trident of flaming (weapon)
Missiles
 m - 23 arrows
Armour
 c - a +0 hat (worn)
 f - a +0 cloak (worn)
 p - a +0 leather armour (worn)
Scrolls
 b - a scroll of holy word {unknown}
 e - a scroll of blinking {unknown}
 g - 6 scrolls of identify {unknown}
 h - a scroll of fear {unknown}
 i - a scroll of fog {unknown}
 k - 4 scrolls of amnesia {unknown}
 l - a scroll of enchant armour {unknown}
 o - a scroll of brand weapon {unknown}
 q - a scroll of teleportation {unknown}
Potions
 d - a potion of haste {unknown}
 j - a potion of attraction {unknown}
 n - a potion of curing {unknown}
 r - a potion of might {unknown}


   Skills:
 - Level 1.0 Fighting
 - Level 1.0 Armour
 + Level 2.6 Dodging
 - Level 2.4 Stealth
 * Level 5.6 Spellcasting
 + Level 2.1 Conjurations
 - Level 1.1 Summonings
 - Level 1.1 Translocations
 + Level 0.5 Fire Magic


You had 2 spell levels left.
You knew the following spells:

 Your Spells              Type           Power      Damage    Failure   Level
a - Magic Dart            Conj           56%        1d5       6%          1
b - Mephitic Cloud        Conj/Pois/Air  8%         N/A       34%         3
c - Call Imp              Summ           10%        N/A       16%         2
d - Blink                 Tloc           N/A        N/A       16%         2
e - Conjure Flame         Conj/Fire      11%        6-21      26%         3
f - Apportation           Tloc           20%        N/A       10%         1

Your spell library contained the following spells:

 Spells                   Type           Power      Damage    Failure   Level
 Summon Small Mammal      Summ           40%        N/A       10%         1
 Animate Skeleton         Necr           10%        N/A       16%         1
 Pain                     Necr           20%        1d5       16%         1
 Slow                     Hex            5%         N/A       24%         2
 Vampiric Draining        Necr           2%         2d6       43%         3


Dungeon Overview and Level Annotations

Branches:
Dungeon (4/15)
 Temple: D:4-7

Altars:
Dithmenos

Annotations:
D:4 Ijyb


Message History

A gnoll comes into view. It is wielding a +0 halberd.
The jackal bites you but does no damage.
There is a stone staircase leading up here.
The jackal bites you but does no damage.
You climb upwards.
There is a stone staircase leading down here.
Casting: Mephitic Cloud (extremely dangerous; 34% risk of failure)
Confirm with . or Enter, or press ? or * to list all spells.
Aiming: Magic Dart (safe; 6% risk of failure)
Press: ? - help, Shift-Dir - straight line, f - jackal
Aim: a jackal (moderately wounded, 100% to hit)
The magic dart hits the jackal.
You kill the jackal!
Casting: Magic Dart (safe; 6% risk of failure)
Confirm with . or Enter, or press ? or * to list all spells.
You can't see any susceptible monsters within range! (Use Z to cast anyway.) Unknown command.
Casting: Magic Dart (safe; 6% risk of failure)
Confirm with . or Enter, or press ? or * to list all spells.
You can't see any susceptible monsters within range! (Use Z to cast anyway.) Unknown command.
There is an open door here.
As you open the door, it creaks loudly!
There is an open door here.
There is a stone staircase leading down here.
You start resting.
Magic restored.
You start resting.
HP restored.
You climb downwards.
Level annotation: Ijyb The orc shouts!
The orc warrior shouts!
The orc shouts! x2
The orc priest mumbles some strange prayers to Beogh against you.
Beogh smites you! The orc hits you but does no damage.
The orc warrior completely misses you. The orc closely misses you.
The scorpion stings you but does no damage.
The orc barely misses you.
The orc warrior hits you with a +0 battleaxe!
Ouch! That really hurt!
You die...

#. .....
..## .....
.#. ...$..
#.. ......
o.##......
.......
#so)# #@o#
#.o.o#
#......
##...##..
#...# ...
...## ..
#..# .
####


You could see an orc warrior, a scorpion, an orc priest and 3 orcs.

Vanquished Creatures
  2 adders
  A gnoll (D:4)
  A worm (D:3)
  7 endoplasms
  2 giant cockroaches
  4 goblins
  7 hobgoblins
  2 jackals
  5 kobolds
  3 quokkas
  A bat (D:3)
  8 frilled lizards
  4 rats
47 creatures vanquished.

Notes
Turn   | Place    | Note
-------+----------+-------------------------------------------
     0 | D:1      | pokeman the Deep Elf Hedge Wizard began the quest for the
                  | Orb.
     0 | D:1      | Reached XP level 1. HP: 10/10 MP: 7/7
   400 | D:1      | Reached XP level 2. HP: 16/16 MP: 5/9
   906 | D:2      | Reached skill level 5 in Spellcasting
  1167 | D:2      | Reached XP level 3. HP: 20/20 MP: 11/11
  1171 | D:2      | Learned a level 3 spell: Mephitic Cloud
  1174 | D:2      | Learned a level 2 spell: Call Imp
  1177 | D:2      | Learned a level 2 spell: Blink
  1181 | D:2      | Learned a level 3 spell: Conjure Flame
  1347 | D:2      | Learned a level 1 spell: Apportation
  1367 | D:2      | Found a faded altar of an unknown god.
  1454 | D:2      | Reached skill level 1 in Fighting
  1527 | D:2      | Reached skill level 1 in Armour
  2296 | D:3      | Found a shadowy altar of Dithmenos.
  2499 | D:3      | Reached XP level 4. HP: 25/25 MP: 3/13
  2978 | D:4      | Noticed Ijyb
  3080 | D:4      | Noticed a scorpion
  3080 | D:4      | Noticed an orc warrior
  3080 | D:4      | Slain by an orc warrior

Illustrated notes

Levels and vault maps discovered:
D:1:      enne_arrival_octagon_isle, layout_rooms, minivault_4,
          corexii_hall_statues_u
D:2:      layout_rooms, chequers_ecumenical_altar_simple
D:3:      layout_basic, grunt_dithmenos_smoke_and_mirrors
D:4:      layout_cave_pools, hex_medium, uniq_ijyb

Skill      XL: |  1  2  3 |
---------------+----------+-----
Spellcasting   | 5 |  5.6
Fighting       | 1 |  1.0
Armour         | 1 |  1.0
Conjurations   | 2 |  2.1
Dodging        | |  2.6
Stealth        | |  2.4
Summonings     | |  1.1
Translocations | |  1.1
Fire Magic     | |  0.5

Action                   |  1- 3 |  4- 6 || total
-------------------------+-------+-------++-------
Melee: Trident           |     3 |     5 ||     8
 Cast: Magic Dart        |   109 |     8 ||   117
       Mephitic Cloud    |       |     1 ||     1
 Stab: Confused          |       |     1 ||     1
Armor: Leather armour    |     3 |     5 ||     8
Dodge: Dodged            |     3 |    16 ||    19

Table legend: (Time is in decaauts)
 A = Elapsed time spent in this place.
 B = Non-inter-level travel time spent in this place.
 C = Inter-level travel time spent in this place.
 D = Time resting spent in this place.
 E = Time spent auto-exploring this place.
 F = Levels seen in this place.
 G = Mean time per level.
                   A        B        C        D        E       F      G
               +--------+--------+--------+--------+--------+-----+--------+
         Total |   3081 |   2959 |    122 |    112 |   2543 |   4 |  770.2 |
       Dungeon |   3081 |   2959 |    122 |    112 |   2543 |   4 |  770.2 |
               +--------+--------+--------+--------+--------+-----+--------+

Top non-repeatable levels by time:
     D:3: 1255 daAuts
     D:2: 986 daAuts
     D:1: 803 daAuts
     D:4: 36 daAuts
